 Dungeon Crawl Stone Soup version 0.25-a0-1133-g93ebf739aa (webtiles) character file.

Game seed: 11547084217844714009, levelgen mode: classic

4618 EnegeticOcto the Skirmisher (level 10, -5/64 HPs)
             Began as a Kobold Fire Elementalist on May 21, 2020.
             Was a Follower of Makhleb.
             Slain by a neqoxec (13 damage)
             ... summoned by a kobold demonologist
             ... on level 9 of the Dungeon.
             The game lasted 00:25:44 (10393 turns).

EnegeticOcto the Skirmisher (KoFE)                 Turns: 10393, Time: 00:25:45

Health: -5/64      AC:  8    Str:  9    XL:     10   Next: 69%
Magic:  13/13      EV: 15    Int: 16    God:    Makhleb [*.....]
Gold:   126        SH: 14    Dex: 16    Spells: 12/13 levels left

rFire    . . .     SeeInvis .   a - +1 whip (elec)
rCold    . . .     Gourm    .   y - +0 kite shield
rNeg     . . .     Faith    .   H - +3 leather armour {rPois}
rPois    +         Spirit   .   (no helmet)
rElec    .         Reflect  +   (no cloak)
rCorr    +         Harm     .   g - +0 pair of gloves
MR       .....                  j - +0 pair of boots
Stlth    ++........             v - amulet of reflection
HPRegen  0.20/turn              C - ring of wizardry
MPRegen  0.13/turn              F - ring of resist corrosion

@: no status effects
A: small, carnivore
a: Renounce Religion


You were on level 9 of the Dungeon.
You worshipped Makhleb.
Makhleb was aware of your devotion.
You were completely stuffed.

You visited 2 branches of the dungeon, and saw 10 of its levels.

You collected 294 gold pieces.
You spent 168 gold pieces at shops.

Inventory:

Hand Weapons
 a - a +1 whip of electrocution (weapon)
 b - a +3 flail of flaming
 o - the +8 dagger of Lohi {venom, rF+ rC++, unknown}
   (You found it on level 7 of the Dungeon)

   It poisons the flesh of those it strikes.
   It protects you from fire.
   It greatly protects you from cold.
Missiles
 d - 8 boomerangs (quivered)
 h - 131 bolts
 t - a throwing net {!f}
Armour
 g - a +0 pair of gloves (worn)
 j - a +0 pair of boots (worn)
 y - a +0 kite shield (worn)
 H - a +3 leather armour of poison resistance (worn)
Jewellery
 v - an amulet of reflection (around neck)
 C - a ring of wizardry (left hand)
 F - a ring of resist corrosion (right hand)
 J - an uncursed ring of fire
Wands
 s - a wand of enslavement (5)
 u - a wand of paralysis (5)
 z - a wand of disintegration (6)
 E - a wand of iceblast (21) {@v2}
Scrolls
 f - a scroll of teleportation {@r3 !r}
 k - 2 scrolls of remove curse {@r2}
 l - a scroll of fear {!r}
 G - a scroll of magic mapping {@r5 !r}
 I - 2 scrolls of summoning
Potions
 c - 8 potions of curing {@q1 !q}
 i - a potion of mutation {unknown}
 m - 2 potions of lignification {@q6}
 n - a potion of ambrosia {unknown}
 p - a potion of might {unknown}
 r - 2 potions of magic {unknown}
 x - a potion of haste {unknown}
 A - a potion of berserk rage {unknown}
 B - 3 potions of degeneration {unknown}
 D - 2 potions of flight
 K - 2 potions of heal wounds {@q2 !q}
Comestibles
 e - 26 rations


   Skills:
 + Level 7.9 Fighting
 * Level 7.7 Maces & Flails
 - Level 6.0 Dodging
 - Level 3.0 Stealth
 * Level 3.6 Shields
 - Level 0.3 Unarmed Combat
 - Level 2.1 Spellcasting
 - Level 3.0 Conjurations
 - Level 5.0 Fire Magic
 + Level 3.2 Invocations
 - Level 5.0 Evocations


You had 12 spell levels left.
You knew the following spells:

 Your Spells              Type           Power        Failure   Level  Hunger
a - Foxfire               Conj/Fire      ##..         12%         1    #......

Your spell library contained the following spells:

 Spells                   Type           Power        Failure   Level  Hunger
 Shock                    Conj/Air       #...         30%         1    #......
 Conjure Flame            Conj/Fire      ##......     32%         3    ###....
 Inner Flame              Hex/Fire       #.......     50%         3    ###....
 Swiftness                Chrm/Air       #.......     61%         2    ###....
 Static Discharge         Conj/Air       #.......     65%         3    ###....
 Sticky Flame             Conj/Fire      ##......     69%         4    #####..
 Fireball                 Conj/Fire      ##........   95%         5    ######.
 Airstrike                Air            #.........   99%         4    #####..
 Lightning Bolt           Conj/Air       #.........   100%        5    ######.


Dungeon Overview and Level Annotations

Branches:
Dungeon (9/15)             Temple (1/1) D:6
   Lair: D:8-11         Orc: D:9-12

Altars:
Ashenzari
Cheibriados
Dithmenos
Elyvilon
Fedhas
Gozag
Hepliaklqana
Kikubaaqudgha
Makhleb
Nemelex Xobeh
Okawaru
Qazlal
Ru
Sif Muna
Trog
Uskayaw
Vehumet
Wu Jian
Xom
Yredelemnul
Zin
The Shining One

Shops:
D:4 (   D:7 [}

Annotations:
D:4 1 runed translucent door, ragnag's ghost, amateur DsAK


Innate Abilities, Weirdness & Mutations

You are small and have problems with some larger weapons.
You are carnivorous and can eat meat at any time.


Message History

You hit the big kobold but do no damage.
Lightning courses through the big kobold!
The big kobold is severely wounded.
A big kobold comes into view.
You hit the big kobold but do no damage.
The big kobold is severely wounded.
The big kobold hits you.
You hit the big kobold.
The big kobold is severely wounded.
A big kobold comes into view. It is wielding a +0 dagger.
You block the big kobold's attack.
The big kobold hits you but does no damage.
You hit the big kobold.
Lightning courses through the big kobold!
You kill the big kobold!
Makhleb accepts your kill.
You hit the big kobold.
The big kobold is lightly wounded.
The big kobold hits you but does no damage.
The big kobold completely misses you.
You hit the big kobold but do no damage.
The big kobold is lightly wounded.
The big kobold hits you with a +0 short sword.
You hit the big kobold.
The big kobold is lightly wounded.
You block the big kobold's attack.
You hit the big kobold.
The big kobold is moderately wounded.
The big kobold hits you with a +0 short sword.
You block the big kobold's attack.
You hit the big kobold.
The big kobold is moderately wounded.
You block the big kobold's attack.
You hit the big kobold.
The big kobold is heavily wounded.
The big kobold hits you with a +0 short sword.
You barely miss the big kobold.
The big kobold is heavily wounded.
The big kobold misses you.
The kobold demonologist casts a cantrip, but nothing happens.
You hit the big kobold.
The big kobold is heavily wounded.
The big kobold hits you with a +0 short sword.
You block the kobold demonologist's attack.
You hit the big kobold.
The big kobold is heavily wounded.
You block the big kobold's attack.
You hit the big kobold but do no damage.
Lightning courses through the big kobold!
The big kobold is almost dead.
The kobold demonologist closely misses you.
You hit the big kobold.
The big kobold is almost dead.
You block the big kobold's attack.
You block the kobold demonologist's attack.
You closely miss the big kobold.
The big kobold is almost dead.
You block the big kobold's attack.
The kobold demonologist gestures wildly while chanting.
You hit the big kobold but do no damage.
The big kobold is almost dead.
You block the big kobold's attack.
You hit the big kobold.
You kill the big kobold!
Makhleb accepts your kill.
The kobold demonologist casts a spell.
The neqoxec completely misses you.
You hear a shout!
You hit the kobold demonologist.
The kobold demonologist is lightly wounded.
You hear a shout! x3
You block the neqoxec's attack.
You closely miss the kobold demonologist.
The kobold demonologist is lightly wounded.
You block the sun demon's attack.
The kobold demonologist hits you but does no damage.
The neqoxec gestures.
The big kobold completely misses you.
You hit the kobold demonologist.
The kobold demonologist is moderately wounded.
You block the sun demon's attack. The neqoxec barely misses you.
The kobold demonologist hits you but does no damage.
You closely miss the kobold demonologist.
The kobold demonologist is moderately wounded.
The sun demon hits you but does no damage.
You block the white imp's attack.
You hit the kobold demonologist.
Lightning courses through the kobold demonologist!!
The kobold demonologist is severely wounded.
The sun demon barely misses you. You block the neqoxec's attack.
The kobold demonologist gestures wildly while chanting.
The white imp gestures at you. The puff of frost misses you.
The big kobold barely misses you.
You barely miss the kobold demonologist.
The kobold demonologist is severely wounded.
The sun demon hits you!!
You are engulfed in flames!!
* * * LOW HITPOINT WARNING * * *
The kobold demonologist hits you but does no damage.
The neqoxec hits you!
You die... +### #.....
K..# #...รท. ...# #....> ..(# #..... .K.+ +.....
KK. #..... ###K# ###### #KKK#

##. ####@####### ##..
#..335.....# #.(#
#..........##### #.##
#.........)'...###)##
#..........###..#....
#.......<..# ##.'....
#..........# ###....
#..........# #....
############ #....


You could see a sun demon (summoned), a kobold demonologist, a neqoxec
(summoned), 4 big kobolds, a white imp (summoned) and 2 kobolds.

Vanquished Creatures
  A two-headed ogre (D:9)
  Pikel (D:7)
  Joseph (D:7)
  2 hippogriffs
  A spriggan (D:7)
  Edmund (D:5)
  An orc warrior (D:8)
  An ice beast (D:6)
  A sky beast (D:2)
  4 ogres
  A black bear (D:8)
  A phantom (D:5)
  2 centaurs (D:6)
  6 big kobolds (D:9)
  A bullfrog (D:9)
  A scorpion (D:4)
  4 wights (D:7)
  A bullfrog zombie (D:6)
  2 crimson imps
  A jelly (D:8)
  4 orc priests
  2 hounds
  An iguana (D:4)
  8 orc wizards
  3 worker ants
  A hound zombie (D:8)
  2 hound skeletons
  A howler monkey zombie (D:3)
  8 gnolls
  6 adders
  A shadow imp (D:7)
  An ooze (D:4)
  2 worms
  7 dart slugs
  4 leopard geckos
  20 orcs
  2 ball pythons
  11 bats
  5 giant cockroaches
  2 goblins (D:2)
  5 hobgoblins
  8 jackals
  5 quokkas
  6 frilled lizards
  8 kobolds
  9 rats
166 creatures vanquished.

Vanquished Creatures (others)
  594 foxfires
594 creatures vanquished.

Grand Total: 760 creatures vanquished

Notes
Turn   | Place    | Note
-------+----------+-------------------------------------------
     0 | D:1      | EnegeticOcto the Kobold Fire Elementalist began the quest
                  | for the Orb.
     0 | D:1      | Reached XP level 1. HP: 10/10 MP: 3/3
   223 | D:1      | Reached XP level 2. HP: 15/15 MP: 1/5
   661 | D:1      | Reached XP level 3. HP: 19/19 MP: 0/6
  1275 | D:2      | Reached skill level 1 in Fighting
  1554 | D:2      | Reached XP level 4. HP: 25/25 MP: 3/7
  2397 | D:3      | Noticed a sky beast
  2751 | D:2      | Killed a sky beast
  2751 | D:2      | Reached XP level 5. HP: 26/32 MP: 0/8
  2885 | D:3      | Reached XP level 6. HP: 37/37 MP: 4/9
  3003 | D:3      | Found a basalt altar of Yredelemnul.
  3033 | D:3      | Found a radiant altar of Vehumet.
  3070 | D:3      | Reached skill level 5 in Fire Magic
  3927 | D:4      | Reached skill level 1 in Maces & Flails
  3997 | D:4      | Reached XP level 7. HP: 42/42 MP: 3/10
  4356 | D:4      | Found a runed translucent door.
  4361 | D:4      | Noticed ragnag's ghost (amateur DsAK)
  4365 | D:4      | Found Tiynt's Antique Weapon Emporium.
  4422 | D:4      | Found a hazy altar of Hepliaklqana.
  4646 | D:5      | Entered Level 5 of the Dungeon
  4958 | D:5      | Noticed Edmund
  4978 | D:5      | Killed Edmund
  4978 | D:5      | Reached skill level 5 in Fighting
  5085 | D:5      | Noticed a two-headed ogre
  5173 | D:5      | Reached XP level 8. HP: 49/49 MP: 2/11
  6032 | D:6      | Found a blossoming altar of Fedhas.
  6034 | D:6      | Found a glowing golden altar of the Shining One.
  6336 | D:6      | Found an ornate altar of the Wu Jian Council.
  6381 | D:6      | Reached skill level 5 in Maces & Flails
  6381 | D:6      | Reached skill level 1 in Evocations
  6658 | D:6      | Found a staircase to the Ecumenical Temple.
  6662 | Temple   | Entered the Ecumenical Temple
  6714 | Temple   | Became a worshipper of Makhleb the Destroyer
  7287 | D:7      | Found an ancient bone altar of Kikubaaqudgha.
  7395 | D:7      | Noticed Pikel
  7420 | D:7      | Killed Pikel
  7420 | D:7      | Reached XP level 9. HP: 55/55 MP: 12/12
  7458 | D:7      | Noticed Joseph
  7472 | D:7      | Killed Joseph
  7472 | D:7      | Reached skill level 5 in Dodging
  7737 | D:7      | Found Kuox Fup's Gadget Shop.
  7745 | D:7      | Bought a wand of paralysis (8) for 110 gold pieces
  7853 | D:7      | Reached skill level 5 in Evocations
  8147 | D:7      | Found Kuiran's Armour Shop.
  8150 | D:7      | Bought a +0 kite shield for 58 gold pieces
  8213 | D:7      | Noticed a hippogriff
  8224 | D:7      | Killed a hippogriff
  8574 | D:7      | Got a jewelled dagger
  8646 | D:8      | Reached skill level 1 in Shields
  8646 | D:8      | Reached XP level 10. HP: 61/63 MP: 13/13
  8754 | D:8      | Reached skill level 1 in Invocations
  9197 | D:8      | Reached * piety under Makhleb
 10202 | D:9      | Found a sacrificial altar of Ru.
 10292 | D:9      | Noticed a two-headed ogre
 10312 | D:9      | Killed a two-headed ogre
 10356 | D:9      | Noticed a kobold demonologist
 10388 | D:9      | Noticed a sun demon
 10393 | D:9      | Slain by a neqoxec

Illustrated notes

Levels and vault maps discovered:
D:1:      lemuel_arrival_room, layout_loops_ring, minmay_heptomino_d4
D:2:      layout_loops_cross, serial_forest, infiniplex_forest_end_3,
          infiniplex_forest_clump_double, infiniplex_forest_straight_3,
          infiniplex_forest_clump_long, infiniplex_forest_lined_1,
          infiniplex_forest_end_2, minmay_three_crescents
D:3:      layout_basic, yredelemnul_altar_generic, lemuel_round_altar,
          first_ration
D:4:      layout_cave_pools, overflow_temple_1_default,
          ebering_ghost_reflecting_pool, serial_shops, shop
D:5:      layout_cave_pools, serial_column_ruins, column_ruins_open_tiny,
          column_ruins_columns_straight, column_ruins_columns_dead_end,
          lightli_corner_chamber, uniq_edmund
D:6:      layout_basic, lemuel_crystal_altar, grunt_temple_overflow_open,
          temple_hall_moat, minmay_manual_mares
D:7:      layout_basic, serial_shops, kennysheep_mini, shop_statue, basic_altar,
          the_bakery, uniq_pikel, uniq_joseph
D:8:      layout_basic
D:9:      layout_roguey [special_room_kobold], basic_altar
Temple:   nicolae_temple_x_marks_the_god

Skill      XL: |  1  2  3  4  5  6  7  8  9 10 |
---------------+-------------------------------+-----
Stealth        | 3 |  3.0
Conjurations   | 2 3 |  3.0
Fighting       | 1 3 5 6 7 |  7.9
Fire Magic     | 4 5 |  5.0
Maces & Flails | 1 4 5 6 7 |  7.7
Evocations     | 3 5 |  5.0
Dodging        | 4 5 6 |  6.0
Shields        | 1 3 |  3.6
Invocations    | 3 |  3.2
Unarmed Combat | |  0.3
Spellcasting   | |  2.1

Action                   |  1- 3 |  4- 6 |  7- 9 | 10-12 || total
-------------------------+-------+-------+-------+-------++-------
Melee: Short sword       |     2 |       |       |       ||     2
       Whip              |     6 |     9 |    33 |   136 ||   184
       Flail             |       |       |    49 |       ||    49
Throw: Boomerang         |       |       |     1 |       ||     1
 Cast: Foxfire           |    47 |   101 |   176 |    45 ||   369
Evoke: Wand              |       |       |     6 |     5 ||    11
  Use: Scroll            |     2 |     3 |    12 |     2 ||    19
       Potion            |       |     3 |       |       ||     3
 Stab: Paralysed         |       |       |    14 |     8 ||    22
       Sleeping          |       |       |     2 |       ||     2
  Eat: Chunk             |    11 |     9 |    16 |     7 ||    43
Armor: Robe              |     5 |     6 |       |       ||    11
       Leather armour    |       |       |    11 |    14 ||    25
Dodge: Dodged            |     8 |    21 |    35 |    36 ||   100
Block: Other             |       |     4 |    14 |       ||    18
       Kite shield       |       |       |     6 |    64 ||    70
       Reflection        |       |       |       |     4 ||     4

Table legend:
 A = Non-vault XP
 B = Vault XP
 C = Vault XP percentage of total XP
 D = Non-vault monster count
 E = Vault monster count
 F = Vault count percentage of total count
                 A         B        C        D         E       F
            +---------+---------+-------+---------+---------+-------
      Total |    4271 |    2327 |  35.3 |     145 |      21 |  12.7
            +---------+---------+-------+---------+---------+-------
        D:1 |      30 |       3 |   9.1 |      15 |       2 |  11.8
        D:2 |     177 |      20 |  10.2 |      28 |       6 |  17.6
        D:3 |     148 |       0 |   0.0 |      18 |       0 |   0.0
        D:4 |     339 |       0 |   0.0 |      14 |       0 |   0.0
        D:5 |     405 |     158 |  28.1 |      16 |       1 |   5.9
        D:6 |     316 |     227 |  41.8 |      15 |       2 |  11.8
        D:7 |     633 |    1333 |  67.8 |      12 |       3 |  20.0
        D:8 |     729 |       0 |   0.0 |      21 |       0 |   0.0
        D:9 |    1494 |     586 |  28.2 |       6 |       7 |  53.8
            +---------+---------+-------+---------+---------+-------
